 Dungeon Crawl Stone Soup version 0.20.1-1-g8b1a95d (webtiles) character file.

32 Folque the Magician (level 3, 0/24 HPs)
             Began as an Octopode Wizard on Dec 2, 2017.
             Slain by a giant cockroach (1 damage)
             ... on level 1 of the Dungeon.
             The game lasted 00:02:49 (659 turns).

Folque the Magician (Octopode Wizard)                Turns: 659, Time: 00:02:49

Health: 0/24       AC:  1    Str:  4 (6)  XL:     3   Next: 27%
Magic:  0/7        EV: 13    Int: 18 (21) God:
Gold:   41         SH:  0    Dex:  7 (10) Spells: 0/8 levels left

rFire    . . .     SeeInvis .   e - +1 whip (holy)
rCold    . . .     Gourm    .   (no shield)
rNeg     . . .     Faith    .   a - +0 hat
rPois    .         Spirit   .   (no amulet)
rElec    .         Reflect  .   (no ring)
rCorr    .         Harm     .   (no ring)
MR       .....                  (no ring)
Stlth    +++.......             (no ring)
Regen    0.1/turn               (no ring)
MPRegen  0.1/turn               (no ring)
                                (no ring)
                                (no ring)

@: lethally poisoned (0 -> -6), very slightly contaminated
A: almost no armour, stealthy swim, amphibious, 8 rings, constrict 8, camouflage
1, gelatinous body 1
a: no special abilities


You were on level 1 of the Dungeon.
You were not hungry.

You visited 1 branch of the dungeon, and saw 1 of its levels.

You collected 41 gold pieces.

Inventory:

Hand Weapons
 d - a +0 club
 e - a +1 whip of holy wrath (weapon)
Missiles
 h - 7 tomahawks (quivered)
Armour
 a - a +0 hat (worn)
Books
 b - a book of Minor Magic

   Spells                             Type                      Level
   a - Magic Dart                     Conjuration                  1
   b - Blink                          Translocation                2
   c - Call Imp                       Summoning                    2
   d - Slow                           Hexes                        2
   e - Conjure Flame                  Conjuration/Fire             3
   f - Mephitic Cloud                 Conjuration/Poison/Air       3
Comestibles
 c - a bread ration
 f - a meat ration
 i - 4 chunks of flesh


   Skills:
 - Level 2.0 Fighting
 - Level 2.0 Dodging
 - Level 2.6 Stealth
 + Level 3.3 Spellcasting
 + Level 1.2 Conjurations
 - Level 1.0 Summonings
 - Level 1.0 Translocations
 * Level 0.2 Poison Magic


You couldn't memorise any spells.
You knew the following spells:

 Your Spells              Type           Power        Failure   Level  Hunger
a - Magic Dart            Conj           #...         10%         1    None
b - Call Imp              Summ           #.......     16%         2    ##.....
c - Blink                 Tloc           N/A          16%         2    ##.....
d - Mephitic Cloud        Conj/Pois/Air  #.......     36%         3    ###....


Dungeon Overview and Level Annotations

Branches:
Dungeon (1/15)

Altars:


Innate Abilities, Weirdness & Mutations

You cannot wear most types of armour.
You are very stealthy in the water. (Stealth+)
You are amphibious.
You can wear up to eight rings at the same time.
You can use your tentacles to constrict eight enemies at once.
Your skin changes colour to match your surroundings (Stealth+).
Your rubbery body absorbs attacks. (AC +1, EV +1)


Message History

You hit the dart slug.
The dart slug is severely wounded.
You constrict the dart slug. The dart slug closely misses you.
You hit the dart slug.
You kill the dart slug!
* * * LOW HITPOINT WARNING * * *
You feel sick. The giant cockroach barely misses you.
Throwing (i - inventory):
h - 8 tomahawks (quivered)
Press: ? - help, Shift-Dir - straight line, f - hobgoblin, p - hobgoblin
Aim: a hobgoblin, wielding a club You throw a tomahawk.
The tomahawk hits the hobgoblin.
The hobgoblin is lightly wounded.
* * * LOW HITPOINT WARNING * * *
You feel sick. The hobgoblin barely misses you. x2
The giant cockroach waves its antennae.
The giant cockroach bites you but does no damage.
You hit the hobgoblin. Your grab misses the hobgoblin.
The hobgoblin is severely wounded.
The hobgoblin barely misses you. The giant cockroach bites you.
You die...

#..รท## #..## ########
#######..####......#
............#......#
#####...###........#
##..#.# ###......#
#..##... #......#
#.#####.# #..gg..# #.#
r# #...@..# #.#
#.....s....# #.#
#....>.....#
###.#####.#..........#
.....................#
###.#####.#..........#
#..# ##.......(....#
##.##......######..#.#
......#


You could see a giant cockroach and 2 hobgoblins.

Vanquished Creatures
  An ooze (D:1)
  2 dart slugs (D:1)
  A ball python (D:1)
  A giant cockroach (D:1)
  4 hobgoblins (D:1)
  4 kobolds (D:1)
  A bat (D:1)
  A frilled lizard (D:1)
  3 goblins (D:1)
  A rat (D:1)
19 creatures vanquished.

Vanquished Creatures (collateral kills)
  An ooze (D:1)
1 creature vanquished.

Grand Total: 20 creatures vanquished

Notes
Turn   | Place    | Note
-------+----------+-------------------------------------------
     0 | D:1      | Folque the Octopode Wizard began the quest for the Orb.
     0 | D:1      | Reached XP level 1. HP: 11/11 MP: 4/4
    32 | D:1      | Reached skill level 1 in Fighting
   108 | D:1      | Reached XP level 2. HP: 11/18 MP: 0/6
   212 | D:1      | Learned a level 2 spell: Call Imp
   215 | D:1      | Learned a level 2 spell: Blink
   572 | D:1      | Reached XP level 3. HP: 20/24 MP: 7/7
   581 | D:1      | Learned a level 3 spell: Mephitic Cloud
   658 | D:1      | HP: 1/24 [poisoned by miscasting Mephitic Cloud (residual poison)]
   659 | D:1      | Slain by a giant cockroach

Skill      XL: |  1  2 |
---------------+-------+-----
Fighting       | 1 2 |  2.0
Dodging        | |  2.0
Stealth        | |  2.6
Spellcasting   | |  3.3
Conjurations   | |  1.2
Summonings     | |  1.0
Translocations | |  1.0
Poison Magic   | |  0.2

Action                   || total
-------------------------++-------
Melee: Club              ||    10
       Constrict         ||    12
       Whip              ||    34
       Tentacles         ||     2
Throw: Tomahawk          ||     3
 Cast: Magic Dart        ||     7
       Blink             ||     2
       Call Imp          ||     1
  Use: Potion            ||     1
 Stab: Sleeping          ||     6
Armor: Skin              ||     2
Dodge: Dodged            ||    23
